 Dungeon Crawl Stone Soup version 0.29.0-4-gdea44cf6ec (webtiles) character file.

Game seed: 4420445461567862349

131 qw the Ruffian (level 4, -1/44 HPs)
             Began as a Troll Cinder Acolyte on Aug 31, 2022.
             Was a High Priest of Ignis.
             Killed by divine providence
             ... invoked by an orc priest
              (14 damage)
             ... on level 4 of the Dungeon.
             The game lasted 00:00:53 (2679 turns).

qw the Ruffian (Troll Cinder Acolyte)               Turns: 2679, Time: 00:00:53

Health: -1/44      AC: 13    Str: 24    XL:     4   Next: 91%
Magic:  4/4        EV:  9    Int: 10    God:    Ignis [*****.]
Gold:   149        SH:  0    Dex:  5    Spells: 5/5 levels left

rFire   + . .      SeeInvis .     - Unarmed
rCold   . . .      Faith    .   (no shield)
rNeg    . . .      Spirit   .   a - +0 robe
rPois   .          Reflect  .   (helmet restricted)
rElec   .          Harm     .   d - +1 cloak
rCorr   .          Rampage  .   (gloves unavailable)
Will    .....                   (boots unavailable)
Stlth   +.........              (no amulet)
HPRegen 0.94/turn               (no ring)
MPRegen 0.09/turn               (no ring)

@: lethally poisoned (-1 -> -1), fiery-armoured
A: large, unfitting armour, claws 3, regeneration 1, shaggy fur 1, tough skin 1
a: Renounce Religion, Fiery Armour, Foxfire Swarm, Rising Flame


You were on level 4 of the Dungeon.
You worshipped Ignis.
Ignis was extremely pleased with you.
You visited 1 branch of the dungeon, and saw 4 of its levels.

You collected 149 gold pieces.


Innate Abilities, Weirdness & Mutations

You are too large for most types of armour.
You have claws for hands.
Your natural rate of healing is unusually fast.
You are covered in fur. (AC +1)
You have tough skin. (AC +1)


   Skills:
 - Level 2.4 Fighting
 - Level 1.0 Throwing
 + Level 5.5 Unarmed Combat
 - Level 1.0 Spellcasting
 - Level 2.1 Fire Magic


You had 5 spell levels left.
You didn't know any spells.
Your spell library contained the following spells:

 Spells                   Type           Power      Damage    Failure   Level
 Scorch                   Fire           8%         2d5       22%         2

Inventory:

Missiles
 e - 3 large rocks (quivered)
Armour
 a - a +0 robe (worn)
 d - a +1 cloak (worn)
Scrolls
 b - a scroll of identify
Potions
 c - a potion of might
 f - a potion of mutation
 g - a potion of curing

Dungeon Overview and Level Annotations

Branches:
Dungeon (4/15)
 Temple: D:4-7

Altars:

Shops:
D:1 :


Message History

The kobold attacks as you move away! The kobold hits you but does no damage.
You are more poisoned.
The kobold is burned by your cloak of flames.
You kill the kobold!
You feel very sick.
You barely miss the endoplasm.
The endoplasm is heavily wounded.
You feel very sick.
You scratch the endoplasm.
The endoplasm is heavily wounded.
You feel sick.
The orc priest hits you but does no damage.
The endoplasm hits you but does no damage.
The endoplasm is burned by your cloak of flames.
You kill the endoplasm!
You feel sick.
The orc priest hits you but does no damage.
The orc priest is burned by your cloak of flames.
The orc priest is heavily wounded.
The orc priest calls down the wrath of Beogh upon you.
You barely resist. You claw the orc priest!
You kill the orc priest!
You feel sick. The orc hits you but does no damage.
The orc is burned by your cloak of flames.
The orc is almost dead.
The orc hits you but does no damage.
2677 ||| Stepping ~*~*~tactically~*~*~ (outnumbered).
You feel sick.
The orc throws a boomerang.
The boomerang barely misses you.
2678 ||| Stepping ~*~*~tactically~*~*~ (outnumbered).
You feel sick. The orc hits you but does no damage.
The orc priest hits you but does no damage.
2679 ||| Stepping ~*~*~tactically~*~*~ (outnumbered).
The orc attacks as you move away! The orc hits you but does no damage.
The orc is burned by your cloak of flames.
You kill the orc!
You feel sick.
The orc priest calls down the wrath of Beogh upon you.
Beogh smites you!
You die...

##.......)...###....
#..........)?.......
#........).........
#.......#....).###
#..))..........#
#..oo..........#.
#..)o.........$....
##o....)..##.......
#@....<..# .......
#.......## .......
#......## .......
#.......# .......
#.......# ....
.........#
......#...#
......##..#


You could see an orc priest and 3 orcs.

Vanquished Creatures
  An orc priest (D:4)
  An orc wizard (D:4)
  3 adders
  A dart slug (D:1)
  3 orcs (D:4)
  5 ball pythons
  3 endoplasms
  A giant cockroach (D:3)
  5 goblins
  3 hobgoblins
  2 jackals (D:2)
  8 kobolds
  A quokka (D:2)
  4 bats
  2 frilled lizards
  5 rats
48 creatures vanquished.

Notes
Turn   | Place    | Note
-------+----------+-------------------------------------------
     0 | D:1      | qw the Troll Cinder Acolyte began the quest for the Orb.
     0 | D:1      | Reached XP level 1. HP: 22/22 MP: 1/1
     0 | D:1      | 0 ||| qw: Version: 0.1-a-97-g2dd2ca4
     0 | D:1      | 0 ||| qw: Game counter: 4580
     0 | D:1      | 0 ||| qw: Always use a shield: true
     0 | D:1      | 0 ||| qw: God list: Okawaru
     0 | D:1      | 0 ||| qw: Allow faded altars: false
     0 | D:1      | 0 ||| qw: Do Orc after D:15 true
     0 | D:1      | 0 ||| qw: Do second Lair branch before Depths: true
     0 | D:1      | 0 ||| qw: Lair rune preference: random
     0 | D:1      | 0 ||| qw: Plans: Normal
     0 | D:1      | 0 ||| PLANNING D:1-11
    52 | D:1      | Found Gaboel's Book Shop.
    57 | D:1      | 57 ||| Stepping ~*~*~tactically~*~*~ (hiding).
    59 | D:1      | 59 ||| Stepping ~*~*~tactically~*~*~ (hiding).
   312 | D:1      | Reached XP level 2. HP: 29/29 MP: 2/2
   692 | D:1      | You fall into a shaft and drop 1 floor!
   727 | D:2      | 727 ||| Stepping ~*~*~tactically~*~*~ (outnumbered).
   924 | D:2      | 924 ||| UPGRADING to +1 cloak.
   929 | D:2      | 929 ||| READING 3 scrolls labelled FAIREZ IGAUS.
   930 | D:2      | 930 ||| READING 2 scrolls of identify.
   930 | D:2      | 930 ||| IDENTIFYING sedimented silvery potion
  1301 | D:2      | 1301 ||| Stepping ~*~*~tactically~*~*~ (stealth).
  1303 | D:2      | 1303 ||| Stepping ~*~*~tactically~*~*~ (stealth).
  1308 | D:2      | Reached skill level 1 in Throwing
  1317 | D:2      | Reached skill level 4 in Unarmed Combat
  1317 | D:2      | Reached XP level 3. HP: 36/36 MP: 3/3
  1341 | D:2      | 1341 ||| Stepping ~*~*~tactically~*~*~ (stealth).
  1801 | D:2      | 1801 ||| READING scroll labelled RUSAUSTROMOS.
  1802 | D:2      | 1802 ||| READING scroll labelled ITTOMU WIPLIHUSSI.
  1803 | D:2      | 1803 ||| DRINKING 2 viscous clear potions.
  1835 | D:2      | 1835 ||| Stepping randomly (stuck).
  2049 | D:3      | 2049 ||| Stepping ~*~*~tactically~*~*~ (stealth).
  2099 | D:3      | Found a faded altar of an unknown god.
  2616 | D:3      | 2616 ||| READING scroll labelled ZAHOFA PUQU.
  2617 | D:3      | 2617 ||| DRINKING 2 metallic clear potions.
  2618 | D:3      | 2618 ||| READING 2 scrolls of identify.
  2618 | D:3      | 2618 ||| IDENTIFYING viscous green potion
  2645 | D:4      | 2645 ||| STAIRDANCE
  2658 | D:4      | 2658 ||| INVOKING Fiery Armour.
  2665 | D:4      | Reached skill level 5 in Unarmed Combat
  2665 | D:4      | Reached XP level 4. HP: 15/44 MP: 4/4
  2665 | D:4      | HP: 2/44 [orc priest/nerve-wracking pain (14)]
  2666 | D:4      | 2666 ||| DRINKING potion of heal wounds.
  2667 | D:4      | 2667 ||| Stepping ~*~*~tactically~*~*~ (outnumbered).
  2668 | D:4      | 2668 ||| Stepping ~*~*~tactically~*~*~ (outnumbered).
  2669 | D:4      | 2669 ||| Stepping ~*~*~tactically~*~*~ (outnumbered).
  2670 | D:4      | 2670 ||| Stepping ~*~*~tactically~*~*~ (outnumbered).
  2671 | D:4      | 2671 ||| Stepping ~*~*~tactically~*~*~ (outnumbered).
  2672 | D:4      | 2672 ||| Stepping ~*~*~tactically~*~*~ (outnumbered).
  2677 | D:4      | 2677 ||| Stepping ~*~*~tactically~*~*~ (outnumbered).
  2678 | D:4      | 2678 ||| Stepping ~*~*~tactically~*~*~ (outnumbered).
  2679 | D:4      | 2679 ||| Stepping ~*~*~tactically~*~*~ (outnumbered).
  2679 | D:4      | Killed from afar by an orc priest

Levels and vault maps discovered:
D:1:      dpeg_arrival_oval, layout_loops_ring, serial_shops,
          nicolae_square_shop
D:2:      layout_loops_corners
D:3:      wander_river, layout_basic, shapermc_ecumenical_altar_venn
D:4:      layout_cave_pools, yredelemnul_forgotten_temple_becter,
          nrook_mini_vaults

Skill      XL: |  1  2  3 |
---------------+----------+-----
Throwing       | 1 |  1.0
Unarmed Combat | 4 5 |  5.5
Fighting       | |  2.4
Spellcasting   | |  1.0
Fire Magic     | |  2.1

Action                   |  1- 3 |  4- 6 || total
-------------------------+-------+-------++-------
Melee: Unarmed           |    93 |     4 ||    97
Throw: Large rock        |    28 |       ||    28
Invok: Fiery Armour      |     1 |       ||     1
  Use: Scroll            |     6 |       ||     6
       Potion            |     2 |     1 ||     3
Armor: Robe              |    34 |    14 ||    48
Dodge: Dodged            |    36 |     7 ||    43

Table legend:
 A = Non-vault XP
 B = Vault XP
 C = Vault XP percentage of total XP
 D = Non-vault monster count
 E = Vault monster count
 F = Vault count percentage of total count
                 A         B        C        D         E       F
            +---------+---------+-------+---------+---------+-------
      Total |     191 |       0 |   0.0 |      48 |       0 |   0.0
            +---------+---------+-------+---------+---------+-------
        D:1 |      22 |       0 |   0.0 |      13 |       0 |   0.0
        D:2 |      26 |       0 |   0.0 |      17 |       0 |   0.0
        D:3 |      37 |       0 |   0.0 |       9 |       0 |   0.0
        D:4 |     106 |       0 |   0.0 |       9 |       0 |   0.0
            +---------+---------+-------+---------+---------+-------
